 Dungeon Crawl Stone Soup version 0.20.0-10-g0535bb4 (webtiles) character file.

66 Scud the Firebug (level 4, 0/27 HPs)
             Began as an Octopode Fire Elementalist on June 4, 2017.
             Slain by a hobgoblin
             ... wielding a +0 club
              (6 damage)
             ... on level 2 of the Dungeon.
             The game lasted 00:11:25 (2199 turns).

Scud the Firebug (Octopode Fire Elementalist)       Turns: 2199, Time: 00:11:25

Health: 0/27       AC:  1    Str:  7    XL:     4   Next: 15%
Magic:  14/17      EV: 13    Int: 18    God:
Gold:   89         SH:  0    Dex: 12    Spells: 4/8 levels left

rFire    . . .     SeeInvis .     - Unarmed
rCold    . . .     Gourm    .   (no shield)
rNeg     . . .     Faith    .   (helmet restricted)
rPois    .         Spirit   .   (no amulet)
rElec    .         Reflect  .   i - ring of magical power
rCorr    .         Harm     .   (no ring)
MR       .....                  (no ring)
Stlth    +++.......             (no ring)
Regen    0.1/turn               (no ring)
MPRegen  0.2/turn               (no ring)
                                (no ring)
                                (no ring)

@: no status effects
A: almost no armour, stealthy swim, amphibious, 8 rings, constrict 8, camouflage
1, gelatinous body 1
a: no special abilities


You were on level 2 of the Dungeon.
You were not hungry.

You visited 1 branch of the dungeon, and saw 2 of its levels.

You collected 89 gold pieces.

Inventory:

Jewellery
 i - a ring of magical power (left tentacle)
Scrolls
 c - a scroll of identify
 d - a scroll of amnesia
 f - a scroll of magic mapping
Potions
 e - 3 potions of curing
 j - a potion of lignification
 k - a potion of heal wounds {unknown}
Books
 a - a book of Flames

   Spells                             Type                      Level
   a - Flame Tongue                   Conjuration/Fire             1
   b - Throw Flame                    Conjuration/Fire             2
   c - Conjure Flame                  Conjuration/Fire             3
   d - Inner Flame                    Hexes/Fire                   3
   e - Sticky Flame                   Conjuration/Fire             4
   f - Fireball                       Conjuration/Fire             5
Comestibles
 b - a bread ration
 g - 3 chunks of flesh
 h - a royal jelly
 l - a meat ration
 m - 2 fruits


   Skills:
 - Level 0.2 Fighting
 - Level 2.0 Dodging
 - Level 2.6 Stealth
 - Level 1.0 Unarmed Combat
 + Level 2.7 Spellcasting
 + Level 1.8 Conjurations
 + Level 3.7 Fire Magic


You had 4 spell levels left.
You knew the following spells:

 Your Spells              Type           Power        Failure   Level  Hunger
a - Flame Tongue          Conj/Fire      ##...        5%          1    None
b - Conjure Flame         Conj/Fire      ##......     16%         3    ###....


Dungeon Overview and Level Annotations

Branches:
Dungeon (2/15)

Altars:
Okawaru


Innate Abilities, Weirdness & Mutations

You cannot wear most types of armour.
You are very stealthy in the water. (Stealth+)
You are amphibious.
You can wear up to eight rings at the same time.
You can use your tentacles to constrict eight enemies at once.
Your skin changes colour to match your surroundings (Stealth+).
Your rubbery body absorbs attacks. (AC +1, EV +1)


Message History

Press: ? - help, Shift-Dir - straight line, f - hobgoblin
Aim: a hobgoblin, wielding a club and wearing a ring mail (lightly wounded)
The flame tongue misses the hobgoblin.
The hobgoblin hits you with a club.
* * * LOW HITPOINT WARNING * * *
Casting: Flame Tongue
Confirm with . or Enter, or press ? or * to list all spells.
Aiming: Flame Tongue
Press: ? - help, Shift-Dir - straight line, f/p - hobgoblin
Aim: a hobgoblin, wielding a club and wearing a ring mail (lightly wounded)
The flame tongue hits the hobgoblin.
The hobgoblin is heavily wounded.
The hobgoblin hits you with a club.
* * * LOW HITPOINT WARNING * * *
Casting: Flame Tongue
Confirm with . or Enter, or press ? or * to list all spells.
Aiming: Flame Tongue
Press: ? - help, Shift-Dir - straight line, f/p - hobgoblin
Aim: a hobgoblin, wielding a club and wearing a ring mail (heavily wounded)
The flame tongue misses the hobgoblin.
The hobgoblin hits you with a club.
You die...

.....# #.......†.#.#***** .....#
#.........#.# .....#
######.........#.####### .....#
#.....#########......... .....#
#.....# #....####*
.....#####.....#########....#####
.............................<...
.....#####.....g.....####.#.#####
.....# ####.#.@....'....#...,,,
####'##### #.#......###..#.###**
#.[....# #.###.#### #..######*
#......# #.###'### #....<....
#......# #.......# #.########
#......# #.......# #.........
#......# #)......# ##########
#......# #.......# #......#
#.......#


You could see a hobgoblin.

Vanquished Creatures
  An adder (D:2)
  A worm (D:2)
  2 dart slugs
  3 leopard geckos (D:2)
  4 bats
  2 giant cockroaches (D:1)
  4 goblins
  6 hobgoblins
  4 jackals (D:2)
  A quokka (D:2)
  A ball python (D:2)
  5 frilled lizards
  2 kobolds
  10 rats
46 creatures vanquished.

Notes
Turn   | Place    | Note
-------+----------+-------------------------------------------
     0 | D:1      | Scud the Octopode Fire Elementalist began the quest for the Orb.
     0 | D:1      | Reached XP level 1. HP: 11/11 MP: 3/3
   181 | D:1      | Reached XP level 2. HP: 9/17 MP: 5/5
   969 | D:1      | Learned a level 2 spell: Throw Flame
  1115 | D:1      | Reached XP level 3. HP: 18/21 MP: 1/6
  1526 | D:2      | Found an iron altar of Okawaru.
  1685 | D:2      | Reached skill level 1 in Unarmed Combat
  1938 | D:2      | Learned a level 3 spell: Conjure Flame
  1952 | D:2      | Reached XP level 4. HP: 27/27 MP: 8/8
  2199 | D:2      | Slain by a hobgoblin

Skill      XL: |  1  2  3 |
---------------+----------+-----
Unarmed Combat | 1 |  1.0
Fighting       | |  0.2
Dodging        | |  2.0
Stealth        | |  2.6
Spellcasting   | |  2.7
Conjurations   | |  1.8
Fire Magic     | |  3.7

Action                   |  1- 3 |  4- 6 || total
-------------------------+-------+-------++-------
Melee: Unarmed           |   103 |    15 ||   118
       Constrict         |    28 |     3 ||    31
       Tentacles         |    18 |     1 ||    19
 Cast: Flame Tongue      |    17 |    13 ||    30
       Throw Flame       |     3 |       ||     3
       Conjure Flame     |     1 |     1 ||     2
  Use: Scroll            |     8 |       ||     8
       Potion            |     1 |       ||     1
 Stab: Sleeping          |     8 |       ||     8
  Eat: Chunk             |     3 |       ||     3
       Royal jelly       |     1 |       ||     1
Armor: Skin              |    12 |     2 ||    14
Dodge: Dodged            |    92 |     8 ||   100
